Unix NetHack Version 5.0.0-0 post-release - last build Jul 11 2026 15:18:16 (a5a7a23833b1ad5d30b1c6e96a93a978492a6348,branch:main).

Game began 2026-07-13 09:32:37, ended 2026-07-13 20:32:32.

Calendula, neutral female human Wizard

                       ..  -
                       `..--.- ---
                       -......--<|
                       |.........|
                       |.........-- ---
                       - --.......--..--
                          ---...fG)....|
                            |...|.Gh...|
                            |..---@--.--
                            ---  --- --
Calendula the Conjurer    St:8 Dx:17 Co:13 In:16 Wi:12 Ch:11  Neutral
Dlvl:3  $:145 HP:0(31) Pw:28(40) AC:7  Xp:4 T:2166  Stun

Latest messages:
 This iguana corpse is tough.  You finish eating the iguana corpse.
 Titane picks up a rotted runed dagger.
 You fall down the stairs.
 Your knowledge of this spell is twisted.  It invokes nightmarish images in your mind...
 The dwarf picks up an orange gem.
 You are too impaired to cast a spell.
 What do you want to use or apply? [cklmr or ?*] 4
 What do you want to use or apply? [cklmr or ?*] <esc>
 Restoring save file...
 Hello Calendula, the human Wizard, welcome back to NetHack!
 You are too impaired to cast a spell.
 What do you want to use or apply? [cklmr or ?*] 4
 No count allowed with this command.
 What do you want to use or apply? [cklmr or ?*] <space>
 Never mind.
 You are too impaired to cast a spell.
 You hear some noises.
 The dwarf wields a dagger!
 The gnome hits!
 Titane bites the dwarf.
 The dwarf thrusts her dagger at Titane.
 The dwarf hits Titane.
 You feel a bit steadier now.
 You hit the dwarf.
 Your knowledge of this spell is twisted.
 It invokes nightmarish images in your mind...
 The dwarf thrusts her dagger.
 The dwarf hits!
 The gnome lord picks up a rotted runed dagger.
 The dwarf picks up a bow.
 The gnome lord wields a rotted runed dagger!
 You are too impaired to cast a spell.
 You are too impaired to cast a spell.
 What do you want to throw? [$ or ?*] f
 In what direction? 8
 An uncursed potion of confusion shatters!
 You smell a peculiar odor...
 You feel somewhat dizzy.
 The gnome lord thrusts his runed dagger.
 The gnome lord hits!
 You feel less confused now.
 You hit the dwarf!
 The dwarf thrusts her dagger.
 The dwarf hits!
 You die...
 Do you want your possessions identified? [ynq] (y) n
 Do you want to see your attributes? [ynq] (y) n
 Do you want an account of creatures vanquished? [ynaq] (y) n
 Do you want to see your conduct and achievements? [ynq] (y) n
 Do you want to see the dungeon overview? [ynq] (y) n

Inventory:
 Coins    ('$')
  $ - 145 gold pieces
 Weapons  (')')
  a - a blessed +1 quarterstaff (weapon in hands)
 Armor    ('[')
  q - a cursed thoroughly burnt -1 pair of fumble boots (being worn)
  b - an uncursed +0 cloak of magic resistance (being worn)
  o - an uncursed +0 studded leather armor (being worn)
 Comestibles  ('%')
  p - 2 uncursed food rations
  t - an uncursed partly eaten food ration
 Scrolls  ('?')
  j - an uncursed scroll of confuse monster
  h - an uncursed scroll of food detection
 Spellbooks  ('+')
  k - a blessed spellbook of force bolt
  r - an uncursed spellbook of healing
  l - an uncursed spellbook of identify
 Potions  ('!')
  f - an uncursed potion of confusion
  w - an uncursed potion of water
 Rings    ('=')
  e - an uncursed +1 ring of adornment (on left hand)
  d - an uncursed ring of shock resistance (on right hand)
 Wands    ('/')
  c - a wand of light (0:11)
 Tools    ('(')
  m - a magic marker (0:21)

Calendula the Wizard's attributes:

Background:
 You were a Conjurer, a level 4 female human Wizard.
 You were neutral, on a mission for Thoth
 who was opposed by Ptah (lawful) and Anhur (chaotic).
 You were right-handed.
 You were in the Gnomish Mines, on level 3.
 You entered the dungeon 2166 turns ago.
 You had 139 experience points, 21 more were needed to attain level 5.

Basics:
 You had 0 out of 31 hit points.
 You had 28 out of 40 energy points (spell power).
 Your armor class was 7.
 Your wallet contained 145 zorkmids.
 Autopickup was off.

Final Characteristics:
 Your strength was 8 (limit:18/100).
 Your dexterity was 17 (peak:18, limit:18).
 Your constitution was 13 (limit:18).
 Your intelligence was 16 (limit:18).
 Your wisdom was 12 (limit:18).
 Your charisma was 11 (base:10, limit:18).

Final Status:
 You were stunned.
 You fumbled.
 You weren't hungry.
 You were unencumbered.
 You were wielding a quarterstaff.
 You had basic skill with quarterstaff.

Final Attributes:
 You were piously aligned.
 You were magic-protected.
 You were shock resistant.
 Your items were protected from electric shocks.
 You were more charismatic.
 You were warded.
 You are dead.

Miscellaneous:
 You didn't encounter any bones levels.
 Total elapsed playing time was 1 hour, 18 minutes and 8 seconds.

Major events:
 Turn
    1: Calendula the neutral female human Wizard entered the dungeon
  854: attained the rank of Conjurer (level 3)
 2148: entered the Gnomish Mines
 2166: killed by a dwarf

Spells:
 Name                 Level Category     Fail Retention
 force bolt             1   attack         0%    (gone)
 identify               3   divination    96%  76%-100%

Skills:
 Fighting Skills
   bare handed combat [Unskilled]
   riding             [Unskilled]
 Weapon Skills
   dagger             [Unskilled]
   knife              [Unskilled]
   axe                [Unskilled]
   short sword        [Unskilled]
   club               [Unskilled]
   mace               [Unskilled]
   quarterstaff       [Basic]
   polearms           [Unskilled]
   spear              [Unskilled]
   trident            [Unskilled]
   sling              [Unskilled]
   dart               [Unskilled]
   shuriken           [Unskilled]
 Spellcasting Skills
   attack spells      [Basic]
   healing spells     [Unskilled]
   divination spells  [Unskilled]
   enchantment spells [Basic]
   clerical spells    [Unskilled]
   escape spells      [Unskilled]
   matter spells      [Unskilled]

Voluntary challenges:
 Character rerolling was not enabled.
 You never genocided any monsters.
 You never polymorphed an object.
 You never changed form.
 You used no wishes.
Achievements:
 You entered a shop.
 You attained the rank of Conjurer.
 You entered the Gnomish Mines.

 The Dungeons of Doom: levels 1 to 2
    Level 1:
    Level 2:
       A general store.
       Stairs down to The Gnomish Mines.
 The Gnomish Mines:
    Level 3: <- You were here.
       Final resting place for
          you, killed by a dwarf.


Vanquished creatures:
  a small mimic
  a floating eye
  a giant bat
 an iguana
  a gas spore
  a hobbit
  a large kobold
  3 cave spiders
  a gnome
  a gnome zombie
  2 geckos
  2 jackals
  a fox
  a goblin
  3 sewer rats
  4 grid bugs
  2 bats
  5 lichens
  5 newts
37 creatures vanquished.

No species were genocided or became extinct.

Game over:
                       ----------
                      /          \
                     /    REST    \
                    /      IN      \
                   /     PEACE      \
                  /                  \
                  |    Calendula     |
                  |      145 Au      |
                  |   killed by a    |
                  |      dwarf       |
                  |                  |
                  |                  |
                  |       2026       |
                 *|     *  *  *      | *
        _________)/\\_//(\/(/\)/\//\/|_)_______

Goodbye Calendula the Wizard...

You died in The Gnomish Mines on dungeon level 3 with 857 points,
and 145 pieces of gold, after 2166 moves.
You were level 4 with a maximum of 31 hit points when you died.

